Griffins vs Reign
Created - June 15, 2023 at 23:15
Goals
|
| Griffins |
1 |
0 |
0 |
1 |
| Reign |
1 |
0 |
2 |
3 |
|
Shots
|
| Griffins |
11 |
1 |
9 |
21 |
| Reign |
12 |
4 |
12 |
28 |
|
1st period
1. Reign , Nick Suzuki 3 (Jordan Greenway 4) at 2:20
2. Griffins , Roope Hintz 2 (Chris Bigras 3) at 5:47
Penalties :
Mathew Barzal (Ont) for Tripping (Minor) at 6:09, Danny Kristo (Gra) for Holding (Minor) at 12:24
2nd period
No Goal
Penalties :
Dmitri Orlov (Gra) for High sticking (Minor) at 0:03, Nick Suzuki (Ont) for Hooking (Minor) at 8:10, Riley Armstrong (Gra) for Hooking (Minor) at 14:49, Oliver Kylington (Ont) for Holding (Minor) at 17:43
3rd period
3. Reign , Mathew Barzal 4 (Vladislav Gavrikov 2, Thomas Chabot 9) at 10:13
4. Reign , Rem Pitlick 3 (Mason Appleton 5, Chandler Stephenson 1) at 15:03
Penalties :
Jason Robertson (Ont) for Interference (Minor) at 0:59, Nick Suzuki (Ont) for Hooking (Minor) at 10:28, Riley Armstrong (Gra) for Hooking (Minor) at 10:46
Goalie Stats
Ilya Samsonov (Gra), 25 saves from 28 shots - (0.893), L, 4-3-0, 60:00 minutes
Igor Shesterkin (Ont), 20 saves from 21 shots - (0.952), W, 5-1-0, 60:00 minutes
Players Stats for Griffins
Player Name G A P +/- PIM S H SB GA TA FO MP PP MP PK MP
------------------------------------------------------------------------------------
Brendan Woods 0 0 0 0 0 1 5 0 0 0 3/7 14:21 3:59 3:37
Chris Bigras 0 1 1 0 0 1 0 0 1 1 0/0 21:56 3:44 2:56
Danny Kristo 0 0 0 0 2 1 1 0 0 0 0/0 18:57 3:52 1:19
Dmitri Orlov 0 0 0 0 2 1 1 0 0 2 0/0 22:28 4:30 0:00
Ian McCoshen 0 0 0 -2 0 0 2 0 0 1 0/0 16:25 0:48 3:19
Joe Morrow 0 0 0 0 0 2 1 0 1 0 0/0 24:59 3:42 3:13
Lucas Lessio 0 0 0 0 0 1 2 0 0 1 0/0 18:51 4:15 3:28
Martin Frk 0 0 0 0 0 0 0 0 0 0 0/0 11:18 0:00 0:00
Nico Hischier 0 0 0 0 0 0 0 0 0 1 6/9 15:16 0:20 0:44
Riley Armstrong 0 0 0 -2 4 1 2 0 0 0 12/20 17:15 4:01 1:08
Roope Hintz 1 0 1 0 0 3 1 2 0 0 0/0 19:06 3:52 1:46
Ryan Lindgren 0 0 0 -2 0 0 1 1 0 1 0/0 12:17 0:00 0:06
Ryan Pulock 0 0 0 0 0 1 1 2 0 0 0/0 21:56 3:44 2:56
Sonny Milano 0 0 0 -2 0 6 1 1 2 0 0/1 17:28 0:00 0:19
Tanner Kero 0 0 0 0 0 0 0 0 0 0 0/0 2:27 0:00 0:00
Troy Terry 0 0 0 0 0 1 0 0 0 0 0/0 8:56 0:15 0:09
Tyler Bertuzzi 0 0 0 -2 0 1 3 0 0 1 0/2 16:51 4:07 0:00
Vladislav Namestnikov 0 0 0 0 0 1 3 1 1 0 0/2 11:13 0:00 0:00
Players Stats for Reign
Player Name G A P +/- PIM S H SB GA TA FO MP PP MP PK MP
------------------------------------------------------------------------------------
Adrian Kempe 0 0 0 0 0 0 2 0 1 0 1/1 16:42 2:53 1:49
Chandler Stephenson 0 1 1 -1 0 2 0 0 0 1 2/2 9:11 0:01 0:09
Charlie McAvoy 0 0 0 2 0 0 0 0 0 2 0/0 16:14 2:14 0:00
Christoffer Ehn 0 0 0 0 0 2 2 0 0 0 2/6 17:11 3:21 2:28
Darroll Powe 0 0 0 0 0 0 0 0 0 0 3/5 4:15 0:00 4:15
Henri Jokiharju 0 0 0 -1 0 0 0 0 0 0 0/0 9:30 0:00 3:36
Jason Robertson 0 0 0 -1 2 0 2 0 0 0 0/0 12:54 3:21 0:00
Jeremy Lauzon 0 0 0 0 0 0 0 1 0 0 0/0 18:00 3:43 0:00
Jordan Greenway 0 1 1 2 0 1 3 0 0 0 0/0 16:07 0:04 1:12
Josh Anderson 0 0 0 -1 0 3 1 0 0 1 0/0 13:34 0:03 4:07
Kevin Fiala 0 0 0 0 0 1 3 0 1 0 0/0 13:30 0:00 2:28
Mason Appleton 0 1 1 1 0 3 0 0 0 0 0/5 12:22 3:21 0:00
Mathew Barzal 1 0 1 2 2 4 1 0 0 0 0/0 18:04 2:50 0:00
Maxime Comtois 0 0 0 1 0 2 0 0 0 0 0/0 12:06 2:14 0:00
Michael Anderson 0 0 0 -1 0 0 0 0 0 0 0/0 5:18 0:00 0:00
Nick Suzuki 1 0 1 2 4 3 2 0 0 0 12/22 17:14 2:51 0:00
Nicolas Hague 0 0 0 0 0 0 0 1 0 0 0/0 17:42 0:00 4:38
Oliver Kylington 0 0 0 2 2 1 1 2 1 0 0/0 16:32 0:10 2:38
Rem Pitlick 1 0 1 1 0 1 0 0 1 0 0/0 8:59 0:00 0:00
Thomas Chabot 0 1 1 1 0 5 0 0 3 0 0/0 17:43 4:01 0:58
Vladislav Gavrikov 0 1 1 1 0 0 0 0 1 1 0/0 16:52 0:08 4:38
3 Stars
1 - Jordan Greenway (Ont)
2 - Rem Pitlick (Ont)
3 - Mathew Barzal (Ont)
Power Play
Griffins - 0 on 5 Attempt(s) - 0.00%
Reign - 0 on 4 Attempt(s) - 0.00%
Penalty Kill
Griffins - 4 on 4 Attempt(s) - 100.00%
- Score 0 goal in Penalty Kill
Reign - 5 on 5 Attempt(s) - 100.00%
- Score 0 goal in Penalty Kill
Team Stat
Griffins - Hits : 24 - Faceoff Wins : 21 - Blocked Shots : 7 - Penalty Minutes : 8
Reign - Hits : 17 - Faceoff Wins : 20 - Blocked Shots : 4 - Penalty Minutes : 10
Official
Referees : Ghislain Hebert and Dean Morton
Linesman : Matt MacPherson and Derek Nansen
Game Notes
No Game Note
Finance
Level 1 -- Attendance: 2000 (100.00%) -- Ticket Income $70,000
Level 2 -- Attendance: 1000 (100.00%) -- Ticket Income $15,000
Total Attendance: 3000 (100.00%)
Total Ticket Income: $85,000
Other Income: $4,250
Total Income: $89,250
Griffins
5 vs 5 Forward
Center Left Wing Right Wing Time % Phy DF OF
1 Riley Armstrong Sonny Milano Tyler Bertuzzi 40 1 2 2
2 Nico Hischier Roope Hintz Danny Kristo 30 1 2 2
3 Vladislav Namestnikov Lucas Lessio Martin Frk 20 1 2 2
4 Brendan Woods Sonny Milano Troy Terry 10 1 2 2
5 vs 5 Defense
Defense Defense Time % Phy DF OF
1 Joe Morrow Dmitri Orlov 40 1 2 2
2 Chris Bigras Ryan Pulock 30 1 2 2
3 Ryan Lindgren Ian McCoshen 20 1 2 2
4 Ryan Lindgren Ian McCoshen 10 1 2 2
PowerPlay Forward
Center Left Wing Right Wing Time % Phy DF OF
1 Riley Armstrong Lucas Lessio Tyler Bertuzzi 60 1 2 2
2 Brendan Woods Roope Hintz Danny Kristo 40 1 2 2
PowerPlay Defense
Defense Defense Time % Phy DF OF
1 Joe Morrow Dmitri Orlov 60 1 2 2
2 Chris Bigras Ryan Pulock 40 1 2 2
Penalty Kill 4 Players Forward
Center Wing Time % Phy DF OF
1 Brendan Woods Lucas Lessio 60 1 2 2
2 Riley Armstrong Danny Kristo 40 1 2 2
Penalty Kill 4 Players Defense
Defense Defense Time % Phy DF OF
1 Joe Morrow Ian McCoshen 60 1 2 2
2 Chris Bigras Ryan Pulock 40 1 2 2
Penalty Kill - 3 Players Forward
Forward Time % Phy DF OF
1 Brendan Woods 60 1 2 2
2 Riley Armstrong 40 1 2 2
Penalty Kill - 3 Players Defense
Defense Defense Time % Phy DF OF
1 Joe Morrow Ian McCoshen 60 1 2 2
2 Chris Bigras Ryan Pulock 40 1 2 2
4 vs 4 Forward
Center Wing Time % Phy DF OF
1 Tyler Bertuzzi Lucas Lessio 60 1 2 2
2 Riley Armstrong Danny Kristo 40 1 2 2
4 vs 4 Defense
Defense Defense Time % Phy DF OF
1 Joe Morrow Dmitri Orlov 60 1 2 2
2 Chris Bigras Ryan Pulock 40 1 2 2
Last Minutes Offensive
Center Left Wing Right Wing Defense Defense
Riley Armstrong Lucas Lessio Tyler Bertuzzi Joe Morrow Dmitri Orlov
Last Minutes Defensive
Center Left Wing Right Wing Defense Defense
Riley Armstrong Lucas Lessio Tyler Bertuzzi Joe Morrow Dmitri Orlov
Goaltenders
Starting : Ilya Samsonov
Backup : Adam Werner
Extra Forwards
Normal : Troy Terry, Tanner Kero, Nico Hischier - PP : Nico Hischier, Troy Terry - PK : Roope Hintz
Extra Defensemen
Normal : Dmitri Orlov, Ian McCoshen, Ryan Lindgren - PP : Ian McCoshen - PK : Ian McCoshen, Ryan Lindgren
Penalty Shots
Tyler Bertuzzi, Lucas Lessio, Riley Armstrong, Danny Kristo, Roope Hintz
Scratches
Cody Glass (Healthy), Klim Kostin (Healthy), Morgan Barron (Healthy), Lias Andersson (Healthy), Jack Studnicka (Healthy)
Greg McKegg (Healthy), Jack Ramsey (Healthy), Sebastian Ahaut (Healthy), Konrad Abeltshauser (Healthy), Michael Bunting (Healthy)
Conor Timmins (Healthy), Tomas Hyka (Healthy), Nick Swaney (Healthy), Marcus Hogberg (Healthy), Philippe Desrosiers (Healthy)
Reign
5 vs 5 Forward
Center Left Wing Right Wing Time % Phy DF OF
1 Nick Suzuki Jordan Greenway Mathew Barzal 40 1 2 2
2 Christoffer Ehn Kevin Fiala Adrian Kempe 30 1 2 2
3 Chandler Stephenson Jason Robertson Josh Anderson 15 1 2 2
4 Mason Appleton Maxime Comtois Rem Pitlick 15 1 2 2
5 vs 5 Defense
Defense Defense Time % Phy DF OF
1 Vladislav Gavrikov Thomas Chabot 30 0 3 2
2 Charlie McAvoy Oliver Kylington 30 1 3 1
3 Jeremy Lauzon Nicolas Hague 30 1 3 1
4 Michael Anderson Henri Jokiharju 10 1 3 1
PowerPlay Forward
Center Left Wing Right Wing Time % Phy DF OF
1 Nick Suzuki Adrian Kempe Mathew Barzal 55 1 1 3
2 Mason Appleton Jason Robertson Christoffer Ehn 45 1 1 3
PowerPlay Defense
Defense Defense Time % Phy DF OF
1 Jeremy Lauzon Thomas Chabot 70 0 2 3
2 Maxime Comtois Charlie McAvoy 30 0 3 2
Penalty Kill 4 Players Forward
Center Wing Time % Phy DF OF
1 Darroll Powe Josh Anderson 60 1 2 2
2 Christoffer Ehn Kevin Fiala 40 1 2 2
Penalty Kill 4 Players Defense
Defense Defense Time % Phy DF OF
1 Vladislav Gavrikov Nicolas Hague 60 1 2 2
2 Oliver Kylington Henri Jokiharju 40 1 2 2
Penalty Kill - 3 Players Forward
Forward Time % Phy DF OF
1 Darroll Powe 60 1 2 2
2 Christoffer Ehn 40 1 2 2
Penalty Kill - 3 Players Defense
Defense Defense Time % Phy DF OF
1 Vladislav Gavrikov Nicolas Hague 60 1 2 2
2 Oliver Kylington Henri Jokiharju 40 1 2 2
4 vs 4 Forward
Center Wing Time % Phy DF OF
1 Adrian Kempe Mathew Barzal 60 1 2 2
2 Nick Suzuki Christoffer Ehn 40 1 2 2
4 vs 4 Defense
Defense Defense Time % Phy DF OF
1 Vladislav Gavrikov Thomas Chabot 60 1 2 2
2 Charlie McAvoy Jeremy Lauzon 40 1 2 2
Last Minutes Offensive
Center Left Wing Right Wing Defense Defense
Nick Suzuki Adrian Kempe Mathew Barzal Jeremy Lauzon Thomas Chabot
Last Minutes Defensive
Center Left Wing Right Wing Defense Defense
Darroll Powe Adrian Kempe Josh Anderson Nicolas Hague Henri Jokiharju
Goaltenders
Starting : Igor Shesterkin
Backup : Oscar Dansk
Extra Forwards
Normal : Mathew Barzal, Jason Robertson, Maxime Comtois - PP : Jordan Greenway, Josh Anderson - PK : Adrian Kempe
Extra Defensemen
Normal : Charlie McAvoy, Nicolas Hague, Henri Jokiharju - PP : Oliver Kylington - PK : Thomas Chabot, Charlie McAvoy
Penalty Shots
Nick Suzuki, Kevin Fiala, Adrian Kempe, Rem Pitlick, Jordan Greenway
Scratches
Anton Karlsson (Healthy), Caleb Jones (Healthy), David Krejci (Healthy), Nikita Tryamkin (Healthy), Tom Kuhnhackl (Healthy)
Oskar Steen (Healthy), Eamon McAdam (Healthy)
% Time on Ice - Griffins
Lines # - Real PCT - Wanted PCT - Time Play
Normal Forward
1 - 28% - 40% - 12:06
2 - 31% - 30% - 13:47
3 - 26% - 20% - 11:13
4 - 15% - 10% - 6:44
Normal Defense
1 - 40% - 40% - 17:21
2 - 34% - 30% - 14:42
3 - 20% - 20% - 8:43
4 - 7% - 10% - 3:04
PP Forward
1 - 52% - 60% - 4:15
2 - 48% - 40% - 3:59
PP Defense
1 - 55% - 60% - 4:30
2 - 45% - 40% - 3:44
PK Forward
1 - 70% - 60% - 4:22
2 - 30% - 40% - 1:53
PK Defense
1 - 53% - 60% - 3:19
2 - 47% - 40% - 2:56
PK3 Forward
1 - 0% - 60%
2 - 0% - 40%
PK3 Defense
1 - 0% - 60%
2 - 0% - 40%
44 Forward
1 - 80% - 60% - 1:21
2 - 20% - 40% - 0:20
44 Defense
1 - 66% - 60% - 1:07
2 - 34% - 40% - 0:34
Last Minute Offensive - 0:00
Last Minute Defensive - 0:00
Total
Forward - 60:00
Defense - 60:00
|
% Time on Ice - Reign
Lines # - Real PCT - Wanted PCT - Time Play
Normal Forward
1 - 34% - 40% - 14:54
2 - 25% - 30% - 11:04
3 - 20% - 15% - 8:53
4 - 20% - 15% - 8:59
Normal Defense
1 - 28% - 30% - 12:26
2 - 30% - 30% - 13:22
3 - 29% - 30% - 12:44
4 - 12% - 10% - 5:18
PP Forward
1 - 46% - 55% - 2:54
2 - 54% - 45% - 3:21
PP Defense
1 - 64% - 70% - 4:01
2 - 36% - 30% - 2:14
PK Forward
1 - 70% - 60% - 5:46
2 - 30% - 40% - 2:28
PK Defense
1 - 56% - 60% - 4:38
2 - 44% - 40% - 3:36
PK3 Forward
1 - 0% - 60%
2 - 0% - 40%
PK3 Defense
1 - 0% - 60%
2 - 0% - 40%
44 Forward
1 - 82% - 60% - 1:23
2 - 18% - 40% - 0:18
44 Defense
1 - 38% - 60% - 0:38
2 - 62% - 40% - 1:03
Last Minute Offensive - 0:00
Last Minute Defensive - 0:00
Total
Forward - 60:00
Defense - 60:00
|
Play-by-Play
1st period
0:01 of 1st period - Nick Suzuki wins face-off versus Tyler Bertuzzi in neutral zone.
0:34 of 1st period - Joe Morrow is hit by Adrian Kempe and loses puck.
0:49 of 1st period - Snap shot by Roope Hintz.
0:49 of 1st period - Stopped by Igor Shesterkin with a rebound.
0:59 of 1st period - Snap shot by Vladislav Namestnikov.
0:59 of 1st period - Shot Misses the Net.
1:17 of 1st period - Wrist shot by Mason Appleton.
1:17 of 1st period - Stopped by Ilya Samsonov without a rebound.
1:18 of 1st period - Nick Suzuki wins face-off versus Nico Hischier in Griffins zone.
1:25 of 1st period - Wrist shot by Nick Suzuki.
1:25 of 1st period - Shot Blocked by Ryan Lindgren.
1:27 of 1st period - Slapshot by Jeremy Lauzon.
1:27 of 1st period - Shot Misses the Net.
1:29 of 1st period - Slapshot by Nick Suzuki.
1:29 of 1st period - Deflect By Roope Hintz.
1:29 of 1st period - Shot Misses the Net.
1:29 of 1st period - Puck is out of play.
1:30 of 1st period - Riley Armstrong wins face-off versus Christoffer Ehn in Griffins zone.
2:02 of 1st period - Wrist shot by Lucas Lessio.
2:02 of 1st period - Stopped by Igor Shesterkin without a rebound.
2:03 of 1st period - Nico Hischier wins face-off versus Mason Appleton in Reign zone.
2:06 of 1st period - Wrist shot by Roope Hintz.
2:06 of 1st period - Deflect By Danny Kristo.
2:06 of 1st period - Stopped by Igor Shesterkin with a rebound.
2:14 of 1st period - Snap shot by Rem Pitlick.
2:14 of 1st period - Shot Misses the Net.
2:16 of 1st period - Wrist shot by Henri Jokiharju.
2:16 of 1st period - Deflect By Mason Appleton.
2:16 of 1st period - Shot Blocked by Roope Hintz.
2:16 of 1st period - Puck is out of play.
2:17 of 1st period - Nick Suzuki wins face-off versus Riley Armstrong in Griffins zone.
2:20 of 1st period - Wrist shot by Nick Suzuki.
2:20 of 1st period - Goal by Nick Suzuki - Griffins : 0 - Reign : 1.
2:21 of 1st period - Riley Armstrong wins face-off versus Nick Suzuki in neutral zone.
2:24 of 1st period - Vladislav Gavrikov is hit by Tyler Bertuzzi and loses puck.
3:53 of 1st period - Josh Anderson is hit by Sonny Milano and loses puck.
4:58 of 1st period - Wrist shot by Chandler Stephenson.
4:58 of 1st period - Shot Blocked by Roope Hintz.
5:00 of 1st period - Snap shot by Josh Anderson.
5:00 of 1st period - Shot Misses the Net.
5:12 of 1st period - Josh Anderson is hit by Ryan Pulock and loses puck.
5:47 of 1st period - Backhand shot by Roope Hintz.
5:47 of 1st period - Goal by Roope Hintz - Griffins : 1 - Reign : 1.
5:48 of 1st period - Nick Suzuki wins face-off versus Riley Armstrong in neutral zone.
6:01 of 1st period - Snap shot by Tyler Bertuzzi.
6:01 of 1st period - Shot Blocked by Oliver Kylington.
6:03 of 1st period - Wrist shot by Tyler Bertuzzi.
6:03 of 1st period - Stopped by Igor Shesterkin with a rebound.
6:09 of 1st period - Minor Penalty to Mathew Barzal for Tripping.
6:10 of 1st period - Riley Armstrong wins face-off versus Darroll Powe in Reign zone.
7:33 of 1st period - Ryan Pulock is hit by Christoffer Ehn and loses puck.
7:56 of 1st period - Josh Anderson is hit by Danny Kristo.
8:09 of 1st period - Penalty to Mathew Barzal is over, Mathew Barzal is back on ice.
8:37 of 1st period - Ryan Lindgren is hit by Mathew Barzal.
8:41 of 1st period - Snap shot by Vladislav Namestnikov.
8:41 of 1st period - Shot Blocked by Nicolas Hague.
8:59 of 1st period - Nicolas Hague is hit by Roope Hintz and loses puck.
9:47 of 1st period - Slapshot by Mason Appleton.
9:47 of 1st period - Shot Hit the Post.
9:49 of 1st period - Slapshot by Oliver Kylington.
9:49 of 1st period - Deflect By Maxime Comtois.
9:49 of 1st period - Stopped by Ilya Samsonov with a rebound.
9:51 of 1st period - Snap shot by Oliver Kylington.
9:51 of 1st period - Stopped by Ilya Samsonov with a rebound.
10:22 of 1st period - Kevin Fiala is hit by Ian McCoshen and loses puck.
11:33 of 1st period - Snap shot by Nick Suzuki.
11:33 of 1st period - Stopped by Ilya Samsonov with a rebound.
11:35 of 1st period - Snap shot by Thomas Chabot.
11:35 of 1st period - Deflect By Joe Morrow.
11:35 of 1st period - Stopped by Ilya Samsonov with a rebound.
11:37 of 1st period - Slapshot by Vladislav Gavrikov.
11:37 of 1st period - Shot Hit the Post.
11:39 of 1st period - Snap shot by Josh Anderson.
11:39 of 1st period - Stopped by Ilya Samsonov with a rebound.
11:41 of 1st period - Backhand shot by Chandler Stephenson.
11:41 of 1st period - Shot Misses the Net.
11:43 of 1st period - Snap shot by Josh Anderson.
11:43 of 1st period - Shot Misses the Net.
11:45 of 1st period - Snap shot by Josh Anderson.
11:45 of 1st period - Stopped by Ilya Samsonov with a rebound.
12:02 of 1st period - Icing by Mathew Barzal.
12:03 of 1st period - Nico Hischier wins face-off versus Mason Appleton in Reign zone.
12:08 of 1st period - Snap shot by Danny Kristo.
12:08 of 1st period - Shot Misses the Net.
12:24 of 1st period - Minor Penalty to Danny Kristo for Holding.
12:25 of 1st period - Nick Suzuki wins face-off versus Brendan Woods in Griffins zone.
12:58 of 1st period - Snap shot by Mason Appleton.
12:58 of 1st period - Stopped by Ilya Samsonov without a rebound.
12:59 of 1st period - Riley Armstrong wins face-off versus Mason Appleton in Griffins zone.
13:51 of 1st period - Christoffer Ehn is hit by Brendan Woods and loses puck.
14:12 of 1st period - Icing by Christoffer Ehn.
14:13 of 1st period - Brendan Woods wins face-off versus Mason Appleton in Reign zone.
14:24 of 1st period - Penalty to Danny Kristo is over, Danny Kristo is back on ice.
14:32 of 1st period - Oliver Kylington is hit by Tyler Bertuzzi and loses puck.
14:53 of 1st period - Joe Morrow is hit by Christoffer Ehn and loses puck.
15:21 of 1st period - Slapshot by Brendan Woods.
15:21 of 1st period - Stopped by Igor Shesterkin with a rebound.
15:23 of 1st period - Wrist shot by Sonny Milano.
15:23 of 1st period - Stopped by Igor Shesterkin with a rebound.
15:33 of 1st period - Wrist shot by Josh Anderson.
15:33 of 1st period - Stopped by Ilya Samsonov with a rebound.
15:35 of 1st period - Slapshot by Maxime Comtois.
15:35 of 1st period - Stopped by Ilya Samsonov with a rebound.
16:01 of 1st period - Snap shot by Sonny Milano.
16:01 of 1st period - Stopped by Igor Shesterkin without a rebound.
16:02 of 1st period - Riley Armstrong wins face-off versus Nick Suzuki in Reign zone.
16:05 of 1st period - Slapshot by Sonny Milano.
16:05 of 1st period - Stopped by Igor Shesterkin with a rebound.
16:14 of 1st period - Off-side.
16:15 of 1st period - Nico Hischier wins face-off versus Christoffer Ehn in neutral zone.
16:20 of 1st period - Slapshot by Roope Hintz.
16:20 of 1st period - Shot Hit the Post.
16:22 of 1st period - Wrist shot by Nico Hischier.
16:22 of 1st period - Shot Misses the Net.
16:24 of 1st period - Slapshot by Joe Morrow.
16:24 of 1st period - Shot Misses the Net.
16:26 of 1st period - Slapshot by Joe Morrow.
16:26 of 1st period - Shot Hit the Post.
16:28 of 1st period - Wrist shot by Danny Kristo.
16:28 of 1st period - Deflect By Nicolas Hague.
16:28 of 1st period - Shot Misses the Net.
16:28 of 1st period - Puck is out of play.
16:29 of 1st period - Nick Suzuki wins face-off versus Riley Armstrong in Reign zone.
16:42 of 1st period - Jordan Greenway is hit by Riley Armstrong and loses puck.
16:55 of 1st period - Dmitri Orlov is hit by Kevin Fiala and loses puck.
18:14 of 1st period - Slapshot by Thomas Chabot.
18:14 of 1st period - Stopped by Ilya Samsonov without a rebound.
18:15 of 1st period - Christoffer Ehn wins face-off versus Sonny Milano in Griffins zone.
18:16 of 1st period - Snap shot by Adrian Kempe.
18:16 of 1st period - Deflect By Christoffer Ehn.
18:16 of 1st period - Shot Misses the Net.
18:16 of 1st period - Puck is out of play.
18:17 of 1st period - Christoffer Ehn wins face-off versus Brendan Woods in Griffins zone.
18:53 of 1st period - Snap shot by Sonny Milano.
18:53 of 1st period - Stopped by Igor Shesterkin with a rebound.
18:55 of 1st period - Slapshot by Chris Bigras.
18:55 of 1st period - Shot Misses the Net.
19:15 of 1st period - Snap shot by Brendan Woods.
19:15 of 1st period - Shot Misses the Net.
19:17 of 1st period - Slapshot by Sonny Milano.
19:17 of 1st period - Deflect By Brendan Woods.
19:17 of 1st period - Shot Blocked by Oliver Kylington.
19:17 of 1st period - Puck is out of play.
19:18 of 1st period - Nico Hischier wins face-off versus Nick Suzuki in Reign zone.
19:27 of 1st period - Snap shot by Roope Hintz.
19:27 of 1st period - Deflect By Jordan Greenway.
19:27 of 1st period - Stopped by Igor Shesterkin without a rebound.
19:28 of 1st period - Nick Suzuki wins face-off versus Nico Hischier in Reign zone.
19:28 of 1st period - Nick Suzuki is hit by Dmitri Orlov.
Goals for this period are 1 for Griffins vs 1 for Reign.
Shots for this period are 11 for Griffins vs 12 for Reign.
2nd period
0:01 of 2nd period - Riley Armstrong wins face-off versus Nick Suzuki in neutral zone.
0:03 of 2nd period - Minor Penalty to Dmitri Orlov for High sticking.
0:04 of 2nd period - Nick Suzuki wins face-off versus Brendan Woods in Griffins zone.
1:14 of 2nd period - Wrist shot by Sonny Milano.
1:14 of 2nd period - Shot Misses the Net.
1:16 of 2nd period - Slapshot by Chris Bigras.
1:16 of 2nd period - Stopped by Igor Shesterkin without a rebound.
1:17 of 2nd period - Brendan Woods wins face-off versus Mason Appleton in Reign zone.
1:18 of 2nd period - Snap shot by Lucas Lessio.
1:18 of 2nd period - Shot Misses the Net.
1:30 of 2nd period - Snap shot by Christoffer Ehn.
1:30 of 2nd period - Shot Misses the Net.
2:03 of 2nd period - Penalty to Dmitri Orlov is over, Dmitri Orlov is back on ice.
2:52 of 2nd period - Christoffer Ehn is hit by Riley Armstrong and loses puck.
4:00 of 2nd period - Slapshot by Adrian Kempe.
4:00 of 2nd period - Shot Misses the Net.
4:51 of 2nd period - Wrist shot by Chandler Stephenson.
4:51 of 2nd period - Shot Misses the Net.
5:25 of 2nd period - Off-side.
5:26 of 2nd period - Nico Hischier wins face-off versus Christoffer Ehn in neutral zone.
5:33 of 2nd period - Snap shot by Roope Hintz.
5:33 of 2nd period - Shot Misses the Net.
5:55 of 2nd period - Snap shot by Mathew Barzal.
5:55 of 2nd period - Shot Hit the Post.
6:21 of 2nd period - Wrist shot by Josh Anderson.
6:21 of 2nd period - Shot Blocked by Sonny Milano.
7:44 of 2nd period - Nick Suzuki is hit by Vladislav Namestnikov and loses puck.
8:10 of 2nd period - Minor Penalty to Nick Suzuki for Hooking.
8:11 of 2nd period - Darroll Powe wins face-off versus Brendan Woods in Reign zone.
8:20 of 2nd period - Vladislav Gavrikov is hit by Brendan Woods and loses puck.
9:21 of 2nd period - Lucas Lessio is hit by Oliver Kylington and loses puck.
9:44 of 2nd period - Chris Bigras is hit by Adrian Kempe and loses puck.
10:09 of 2nd period - Kevin Fiala is hit by Brendan Woods and loses puck.
10:10 of 2nd period - Penalty to Nick Suzuki is over, Nick Suzuki is back on ice.
11:00 of 2nd period - Lucas Lessio is hit by Nick Suzuki and loses puck.
11:49 of 2nd period - Tyler Bertuzzi is hit by Jason Robertson and loses puck.
13:00 of 2nd period - Slapshot by Thomas Chabot.
13:00 of 2nd period - Stopped by Ilya Samsonov with a rebound.
13:02 of 2nd period - Slapshot by Thomas Chabot.
13:02 of 2nd period - Stopped by Ilya Samsonov without a rebound.
13:03 of 2nd period - Riley Armstrong wins face-off versus Nick Suzuki in Griffins zone.
13:34 of 2nd period - Snap shot by Christoffer Ehn.
13:34 of 2nd period - Stopped by Ilya Samsonov with a rebound.
14:09 of 2nd period - Oliver Kylington is hit by Lucas Lessio.
14:47 of 2nd period - Slapshot by Chandler Stephenson.
14:47 of 2nd period - Stopped by Ilya Samsonov with a rebound.
14:49 of 2nd period - Minor Penalty to Riley Armstrong for Hooking.
14:50 of 2nd period - Brendan Woods wins face-off versus Nick Suzuki in Griffins zone.
16:49 of 2nd period - Penalty to Riley Armstrong is over, Riley Armstrong is back on ice.
17:00 of 2nd period - Snap shot by Riley Armstrong.
17:00 of 2nd period - Shot Misses the Net.
17:06 of 2nd period - Tyler Bertuzzi is hit by Jordan Greenway and loses puck.
17:27 of 2nd period - Rem Pitlick is hit by Brendan Woods and loses puck.
17:43 of 2nd period - Minor Penalty to Oliver Kylington for Holding.
17:44 of 2nd period - Darroll Powe wins face-off versus Riley Armstrong in Reign zone.
17:50 of 2nd period - Wrist shot by Riley Armstrong.
17:50 of 2nd period - Shot Hit the Post.
19:43 of 2nd period - Penalty to Oliver Kylington is over, Oliver Kylington is back on ice.
Goals for this period are 0 for Griffins vs 0 for Reign.
Shots for this period are 1 for Griffins vs 4 for Reign.
3rd period
0:01 of 3rd period - Nick Suzuki wins face-off versus Riley Armstrong in neutral zone.
0:04 of 3rd period - Snap shot by Mathew Barzal.
0:04 of 3rd period - Stopped by Ilya Samsonov without a rebound.
0:05 of 3rd period - Riley Armstrong wins face-off versus Nick Suzuki in Griffins zone.
0:12 of 3rd period - Snap shot by Tyler Bertuzzi.
0:12 of 3rd period - Shot Misses the Net.
0:14 of 3rd period - Slapshot by Dmitri Orlov.
0:14 of 3rd period - Deflect By Riley Armstrong.
0:14 of 3rd period - Stopped by Igor Shesterkin with a rebound.
0:16 of 3rd period - Slapshot by Joe Morrow.
0:16 of 3rd period - Deflect By Nick Suzuki.
0:16 of 3rd period - Stopped by Igor Shesterkin with a rebound.
0:57 of 3rd period - Slapshot by Dmitri Orlov.
0:57 of 3rd period - Stopped by Igor Shesterkin with a rebound.
0:59 of 3rd period - Minor Penalty to Jason Robertson for Interference.
1:00 of 3rd period - Darroll Powe wins face-off versus Riley Armstrong in Reign zone.
2:59 of 3rd period - Penalty to Jason Robertson is over, Jason Robertson is back on ice.
3:07 of 3rd period - Maxime Comtois is hit by Vladislav Namestnikov and loses puck.
3:41 of 3rd period - Wrist shot by Christoffer Ehn.
3:41 of 3rd period - Stopped by Ilya Samsonov with a rebound.
3:55 of 3rd period - Snap shot by Sonny Milano.
3:55 of 3rd period - Stopped by Igor Shesterkin with a rebound.
4:07 of 3rd period - Sonny Milano is hit by Josh Anderson and loses puck.
4:44 of 3rd period - Christoffer Ehn is hit by Lucas Lessio and loses puck.
5:05 of 3rd period - Snap shot by Mason Appleton.
5:05 of 3rd period - Shot Misses the Net.
5:25 of 3rd period - Lucas Lessio is hit by Jordan Greenway and loses puck.
5:56 of 3rd period - Kevin Fiala is hit by Brendan Woods and loses puck.
6:15 of 3rd period - Snap shot by Thomas Chabot.
6:15 of 3rd period - Shot Misses the Net.
6:19 of 3rd period - Wrist shot by Rem Pitlick.
6:19 of 3rd period - Shot Misses the Net.
6:33 of 3rd period - Jason Robertson is hit by Ryan Lindgren and loses puck.
6:42 of 3rd period - Danny Kristo is hit by Jason Robertson and loses puck.
6:57 of 3rd period - Chris Bigras is hit by Kevin Fiala and loses puck.
7:26 of 3rd period - Snap shot by Mason Appleton.
7:26 of 3rd period - Shot Misses the Net.
8:47 of 3rd period - Wrist shot by Mason Appleton.
8:47 of 3rd period - Stopped by Ilya Samsonov with a rebound.
8:59 of 3rd period - Snap shot by Sonny Milano.
8:59 of 3rd period - Shot Misses the Net.
9:35 of 3rd period - Snap shot by Kevin Fiala.
9:35 of 3rd period - Shot Misses the Net.
9:44 of 3rd period - Icing by Riley Armstrong.
9:45 of 3rd period - Nick Suzuki wins face-off versus Riley Armstrong in Griffins zone.
9:56 of 3rd period - Slapshot by Nick Suzuki.
9:56 of 3rd period - Stopped by Ilya Samsonov without a rebound.
9:57 of 3rd period - Nico Hischier wins face-off versus Nick Suzuki in Griffins zone.
9:57 of 3rd period - Nico Hischier is hit by Jordan Greenway.
10:03 of 3rd period - Slapshot by Thomas Chabot.
10:03 of 3rd period - Stopped by Ilya Samsonov with a rebound.
10:07 of 3rd period - Slapshot by Thomas Chabot.
10:07 of 3rd period - Shot Blocked by Ryan Pulock.
10:09 of 3rd period - Slapshot by Vladislav Gavrikov.
10:09 of 3rd period - Shot Misses the Net.
10:11 of 3rd period - Snap shot by Mathew Barzal.
10:11 of 3rd period - Stopped by Ilya Samsonov with a rebound.
10:13 of 3rd period - Wrist shot by Mathew Barzal.
10:13 of 3rd period - Goal by Mathew Barzal - Griffins : 1 - Reign : 2.
10:14 of 3rd period - Nick Suzuki wins face-off versus Riley Armstrong in neutral zone.
10:19 of 3rd period - Wrist shot by Mathew Barzal.
10:19 of 3rd period - Stopped by Ilya Samsonov without a rebound.
10:20 of 3rd period - Riley Armstrong wins face-off versus Nick Suzuki in Griffins zone.
10:28 of 3rd period - Minor Penalty to Nick Suzuki for Hooking.
10:29 of 3rd period - Riley Armstrong wins face-off versus Darroll Powe in Reign zone.
10:35 of 3rd period - Snap shot by Tyler Bertuzzi.
10:35 of 3rd period - Shot Misses the Net.
10:37 of 3rd period - Slapshot by Joe Morrow.
10:37 of 3rd period - Shot Misses the Net.
10:46 of 3rd period - Minor Penalty to Riley Armstrong for Hooking.
10:47 of 3rd period - Adrian Kempe wins face-off versus Tyler Bertuzzi in Griffins zone.
11:29 of 3rd period - Snap shot by Lucas Lessio.
11:29 of 3rd period - Shot Misses the Net.
11:31 of 3rd period - Wrist shot by Troy Terry.
11:31 of 3rd period - Shot Misses the Net.
11:33 of 3rd period - Backhand shot by Troy Terry.
11:33 of 3rd period - Stopped by Igor Shesterkin with a rebound.
11:49 of 3rd period - Mathew Barzal is hit by Joe Morrow and loses puck.
12:28 of 3rd period - Penalty to Nick Suzuki is over, Nick Suzuki is back on ice.
12:46 of 3rd period - Penalty to Riley Armstrong is over, Riley Armstrong is back on ice.
12:54 of 3rd period - Ryan Lindgren is hit by Nick Suzuki and loses puck.
13:24 of 3rd period - Wrist shot by Jason Robertson.
13:24 of 3rd period - Deflect By Chandler Stephenson.
13:24 of 3rd period - Stopped by Ilya Samsonov without a rebound.
13:25 of 3rd period - Chandler Stephenson wins face-off versus Vladislav Namestnikov in Griffins zone.
15:03 of 3rd period - Snap shot by Rem Pitlick.
15:03 of 3rd period - Goal by Rem Pitlick - Griffins : 1 - Reign : 3.
15:04 of 3rd period - Riley Armstrong wins face-off versus Nick Suzuki in neutral zone.
15:09 of 3rd period - Slapshot by Joe Morrow.
15:09 of 3rd period - Stopped by Igor Shesterkin with a rebound.
15:11 of 3rd period - Slapshot by Joe Morrow.
15:11 of 3rd period - Shot Blocked by Jeremy Lauzon.
15:35 of 3rd period - Wrist shot by Vladislav Namestnikov.
15:35 of 3rd period - Stopped by Igor Shesterkin with a rebound.
15:37 of 3rd period - Slapshot by Ryan Pulock.
15:37 of 3rd period - Deflect By Jason Robertson.
15:37 of 3rd period - Stopped by Igor Shesterkin without a rebound.
15:38 of 3rd period - Chandler Stephenson wins face-off versus Vladislav Namestnikov in Reign zone.
15:47 of 3rd period - Snap shot by Chandler Stephenson.
15:47 of 3rd period - Shot Blocked by Ryan Pulock.
16:27 of 3rd period - Chris Bigras is hit by Kevin Fiala and loses puck.
16:42 of 3rd period - Slapshot by Sonny Milano.
16:42 of 3rd period - Stopped by Igor Shesterkin with a rebound.
16:44 of 3rd period - Slapshot by Riley Armstrong.
16:44 of 3rd period - Shot Misses the Net.
16:46 of 3rd period - Backhand shot by Ryan Pulock.
16:46 of 3rd period - Shot Misses the Net.
17:03 of 3rd period - Charlie McAvoy is hit by Ian McCoshen and loses puck.
17:26 of 3rd period - Snap shot by Kevin Fiala.
17:26 of 3rd period - Shot Misses the Net.
17:28 of 3rd period - Wrist shot by Kevin Fiala.
17:28 of 3rd period - Stopped by Ilya Samsonov without a rebound.
17:29 of 3rd period - Riley Armstrong wins face-off versus Christoffer Ehn in Griffins zone.
17:43 of 3rd period - Slapshot by Tyler Bertuzzi.
17:43 of 3rd period - Shot Misses the Net.
18:07 of 3rd period - Nick Suzuki is hit by Tyler Bertuzzi and loses puck.
18:18 of 3rd period - Snap shot by Jason Robertson.
18:18 of 3rd period - Shot Blocked by Vladislav Namestnikov.
18:24 of 3rd period - Jason Robertson is hit by Vladislav Namestnikov and loses puck.
18:48 of 3rd period - Off-side.
18:49 of 3rd period - Nick Suzuki wins face-off versus Nico Hischier in neutral zone.
18:54 of 3rd period - Slapshot by Nick Suzuki.
18:54 of 3rd period - Shot Misses the Net.
19:04 of 3rd period - Wrist shot by Jordan Greenway.
19:04 of 3rd period - Stopped by Ilya Samsonov with a rebound.
19:32 of 3rd period - Snap shot by Vladislav Namestnikov.
19:32 of 3rd period - Shot Misses the Net.
Goals for this period are 0 for Griffins vs 2 for Reign.
Shots for this period are 9 for Griffins vs 12 for Reign.
Output by the SimonT Hockey Simulator (STHS) for Francois Prevost